 Dungeon Crawl Stone Soup version 0.26.1-11-gd32895ea62 (webtiles) character file.

Game seed: 17134547749410960257

24850 dtburroughs the Fighter (level 12, -4/113 HPs)
             Began as a Minotaur Berserker on July 23, 2021.
             Was a High Priest of Trog.
             Collided with a crystal wall (13 damage)
             ... caused by a deep elf mage
             ... on level 12 of the Dungeon.
             The game lasted 00:36:43 (18404 turns).

dtburroughs the Fighter (Minotaur Berserker)       Turns: 18404, Time: 00:36:44

Health: -4/113     AC: 16    Str: 25    XL:     12   Next: 84%
Magic:  21/21      EV: 15    Int: 12    God:    Trog [*****.]
Gold:   581        SH:  0    Dex: 15    Spells: 11/11 levels left

rFire    . . .     SeeInvis .   M - +0 battleaxe
rCold    + + .     Faith    +   (shield currently unavailable)
rNeg     . . .     Spirit   .   m - +1 chain mail {rC+}
rPois    .         Reflect  .   T - +3 hat of Pondering {ponderous, Will+ MP+10 Int+5}
rElec    .         Harm     .   (no cloak)
rCorr    .         Rampage  .   (no gloves)
Will     +++..                  (no boots)
Stlth    ..........             y - amulet of faith
HPRegen  1.28/turn              H - +6 ring of dexterity
MPRegen  0.17/turn              I - ring of protection from cold

@: regenerating, slow
A: retaliatory headbutt, horns 2
a: Renounce Religion, Berserk, Trog's Hand, Brothers in Arms


You were on level 12 of the Dungeon.
You worshipped Trog.
Trog was extremely pleased with you.
You visited 1 branch of the dungeon, and saw 12 of its levels.

You collected 740 gold pieces.
You spent 159 gold pieces at shops.

Inventory:

Hand Weapons
 a - a +0 hand axe
 b - a +4 morningstar of freezing
 s - a +1 dire flail of protection
 M - a +0 battleaxe (weapon)
 Q - a +0 war axe
Armour
 m - a +1 chain mail of cold resistance (worn)
 o - a cursed +0 chain mail
 r - a +3 chain mail
 G - a +2 hat
 T - the +3 hat of Pondering (worn) {ponderous, Will+ MP+10 Int+5}
   (You took it off Gastronok on level 12 of the Dungeon)

   It affects your intelligence (+5).
   It affects your willpower, your defense against some magical effects.
   It affects your magic capacity (+10).
Jewellery
 f - an uncursed amulet of regeneration {unknown}
 j - an uncursed ring of flight
 v - a +6 ring of intelligence
 y - an amulet of faith (around neck)
 H - a +6 ring of dexterity (left hand)
 I - a ring of protection from cold (right hand)
 O - an uncursed ring of resist corrosion
 P - an uncursed ring of ice
 S - a +4 ring of evasion
Wands
 x - a wand of iceblast (2)
Scrolls
 d - a scroll of torment {unknown}
 e - 3 scrolls of magic mapping
 l - 2 scrolls of noise {unknown}
 n - 5 scrolls of teleportation
 p - 6 scrolls of blinking
 q - a scroll of enchant armour {unknown}
 B - 4 scrolls of fear
 D - a scroll of immolation {unknown}
 F - 4 scrolls of remove curse
 J - a scroll of holy word {unknown}
 L - 4 scrolls of identify
 N - 2 scrolls of enchant weapon {unknown}
 R - 2 scrolls of summoning {unknown}
Potions
 c - 3 potions of haste {unknown}
 g - a potion of ambrosia {unknown}
 h - 10 potions of curing
 i - a potion of degeneration {unknown}
 k - a potion of berserk rage
 t - 2 potions of might
 u - a potion of cancellation {unknown}
 w - 4 potions of flight {unknown}
 z - 4 potions of heal wounds
 A - 2 potions of lignification {unknown}
 C - 3 potions of attraction {unknown}
 E - 3 potions of mutation {unknown}
Miscellaneous
 K - a phial of floods


   Skills:
 + Level 12.3 Fighting
 + Level 12.3 Axes
 + Level 12.1 Armour
 + Level 11.2 Dodging
 + Level 8.0 Evocations


You had 11 spell levels left.
You didn't know any spells.
Your spell library was empty.

Dungeon Overview and Level Annotations

Branches:
Dungeon (12/15)            Temple (0/1) D:7            Lair (0/6) D:8
    Orc (0/2) D:11

Altars:
Ashenzari
Elyvilon
Fedhas
Hepliaklqana
Makhleb
Nemelex Xobeh
Okawaru
Qazlal
Ru
Trog
Xom
The Shining One

Shops:
D:6 !   D:8 !*   D:12 *

Annotations:
D:5 3 runed translucent doors, JBAR's ghost, novice TrMo
D:7 4 runed translucent doors


Innate Abilities, Weirdness & Mutations

You reflexively headbutt those who attack you in melee.
You have a pair of horns on your head.


Message History

Trog accepts your kill. The deep elf mage casts a spell at you.
The magic dart hits something!
You closely miss something. You headbutt something. Something hits you.
* * * LOW HITPOINT WARNING * * *
Your iron troll bites the acid dragon!!
Your iron troll claws the acid dragon.
Your iron troll barely misses the acid dragon.
The deep elf mage casts a spell at you. The lance of force misses you.
You slash something! You slash the acid dragon!
You kill the acid dragon!
Trog accepts your kill.
The acid dragon scales are intact enough to wear.
Something barely misses you.
The deep elf mage gestures at you while chanting.
The lance of force hits you!!
* * * LOW HITPOINT WARNING * * *
You are knocked back by the lance of force.
You slam into the crystal wall!
You die...

.... ##..##.####.....#... '#
###'# ###'#####'###.....#...
#?.#.....#.....##...##.#######P
$)#.....#.....#..#..#...... ##
#'.")?.'...).'.###.'....# #
#..= .#.....#..#..#....# # .D.
#.....##...##....# #
###*#####o#####'###....# P
#..e..#..e.@####..#....# P
#..?#.#.###T#..#..#....# P
+.###.*.†...'#..##'....# P #
#..#..##.####.##....##
.....#.)#..##...##.....####
###'#####+#####'###.......#.
.... ....................#.
..... .......#............#.
#####.... ......####....######.


You could see a deep elf mage, an orc warrior and a friendly iron troll
(summoned, berserk).

Vanquished Creatures
  Gastronok (D:12)
  Fannar (D:10)
  2 two-headed ogres (D:12)
  A centaur warrior (D:12)
  2 unseen horrors
  A wizard (D:12)
  A deep elf mage (D:12)
  A manticore (D:12)
  3 ugly things (D:12)
  2 cyclopes
  2 centaur zombies (D:12)
  4 gargoyles (D:12)
  2 efreet
  2 trolls
  2 hornets
  A merfolk (D:9)
  3 wraiths
  12 yaks
  2 wyverns
  A vampire mosquito (D:12)
  An acid dragon (D:12)
  A water moccasin (D:5)
  5 phantoms
  11 ice beasts
  8 orc warriors
  2 black bears
  A hornet zombie (D:12)
  An eye of draining (D:12)
  4 sky beasts
  3 necrophages
  3 ogres
  6 centaurs
  4 big kobolds
  A gnoll sergeant (D:5)
  11 bullfrogs
  3 scorpions
  A killer bee (D:7)
  4 electric eels (D:8)
  7 howler monkeys
  13 wights
  3 bullfrog zombies
  A quasit (D:9)
  6 centaur skeletons
  18 hounds
  9 orc wizards
  3 bullfrog skeletons
  10 orc priests
  A gnoll shaman (D:4)
  2 jellies
  Ijyb (D:3)
  4 iguanas
  Natasha (thrice) (D:3)
  13 worker ants
  8 ogre zombies (D:11)
  2 hound zombies
  A human simulacrum (D:11)
  A worker ant zombie (D:11)
  10 gnolls
  14 adders
  3 shadow imps
  3 white imps
  4 ufetubi
  2 oozes (D:6)
  An adder zombie (D:9)
  An adder skeleton (D:3)
  A worm (D:3)
  2 dart slugs
  3 leopard geckos
  50 orcs
  3 ball pythons
  8 bats
  3 giant cockroaches
  9 goblins
  11 hobgoblins
  9 jackals
  2 quokkas
  2 frilled lizards
  3 goblin skeletons (D:11)
  2 hobgoblin skeletons (D:11)
  3 hobgoblin zombies (D:11)
  20 kobolds
  3 leopard gecko skeletons
  3 orc skeletons (D:11)
  14 orc zombies (D:11)
  2 quokka skeletons
  10 rats
423 creatures vanquished.

Vanquished Creatures (collateral kills)
  Snorg (D:12)
  A hydra (D:12)
  An unseen horror (D:12)
  A cyclops (D:12)
  A troll (D:12)
  An acid dragon (D:12)
  A phantom (D:12)
7 creatures vanquished.

Vanquished Creatures (others)
  A centaur zombie (D:11)
  A human simulacrum (D:11)
  4 plants
6 creatures vanquished.

Grand Total: 436 creatures vanquished

Notes
Turn   | Place    | Note
-------+----------+-------------------------------------------
     0 | D:1      | dtburroughs the Minotaur Berserker began the quest for the
                  | Orb.
     0 | D:1      | Reached XP level 1. HP: 19/19 MP: 0/0
     0 | D:1      | Noticed a vine stalker
     3 | D:1      | Noticed a felid
     5 | D:1      | Noticed an octopode
     6 | D:1      | Noticed a vine stalker
     7 | D:1      | Noticed a formicid
     8 | D:1      | Noticed a vampire
     9 | D:1      | Noticed a felid
    11 | D:1      | Noticed a vampire
    13 | D:1      | Noticed a centaur
    15 | D:1      | Noticed a minotaur
    17 | D:1      | Noticed an octopode
    17 | D:1      | Noticed a ghoul
    17 | D:1      | Noticed an elf
    21 | D:1      | Noticed a dwarf
   212 | D:1      | Reached XP level 2. HP: 25/27 MP: 1/1
  1200 | D:2      | Reached XP level 3. HP: 33/33 MP: 2/2
  1439 | D:2      | Reached ** piety under Trog
  2297 | D:3      | Reached XP level 4. HP: 23/40 MP: 3/3
  2867 | D:3      | Reached XP level 5. HP: 41/47 MP: 4/4
  2930 | D:3      | Found a white marble altar of Elyvilon.
  2962 | D:3      | Noticed Natasha
  2966 | D:3      | Killed Natasha
  2967 | D:3      | Reached skill level 5 in Axes
  2971 | D:3      | Reached skill level 5 in Fighting
  2996 | D:3      | Found a glowing golden altar of the Shining One.
  2996 | D:3      | Found a hazy altar of Hepliaklqana.
  3086 | D:3      | Noticed Ijyb
  3090 | D:3      | Noticed Natasha
  3104 | D:3      | Killed Natasha
  3106 | D:3      | Killed Ijyb
  3107 | D:3      | Reached XP level 6. HP: 34/56 MP: 5/5
  3645 | D:3      | Found a sparkling altar of Nemelex Xobeh.
  3676 | D:3      | Noticed Natasha
  3689 | D:3      | Killed Natasha
  4192 | D:4      | Reached skill level 5 in Armour
  4192 | D:4      | Reached XP level 7. HP: 54/62 MP: 6/6
  4211 | D:4      | Reached *** piety under Trog
  4538 | D:4      | Found a sacrificial altar of Ru.
  4738 | D:5      | Entered Level 5 of the Dungeon
  4830 | D:5      | Reached skill level 5 in Dodging
  5081 | D:5      | Found a runed translucent gate.
  5081 | D:5      | Found a runed translucent gate.
  5081 | D:5      | Found a runed translucent gate.
  5083 | D:5      | Noticed JBAR's ghost (novice TrMo)
  5682 | D:5      | Reached XP level 8. HP: 23/71 MP: 7/7
  7056 | D:6      | Reached skill level 1 in Evocations
  7065 | D:6      | Reached **** piety under Trog
  7250 | D:6      | Reached XP level 9. HP: 65/81 MP: 8/8
  7641 | D:6      | Found Qupan's Distillery.
  8080 | D:7      | Found a large runed translucent door.
  8081 | D:7      | Found a large runed translucent door.
  8084 | D:7      | Found a large runed translucent door.
  8084 | D:7      | Found a large runed translucent door.
  8170 | D:7      | Found a bloodstained altar of Trog.
  8170 | D:7      | Found an iron altar of Okawaru.
  8253 | D:7      | Found a stormy altar of Qazlal.
  8307 | D:7      | Found a staircase to the Ecumenical Temple.
  9558 | D:7      | Killed an unseen horror
  9899 | D:8      | Reached XP level 10. HP: 81/91 MP: 9/9
  9998 | D:8      | Found a staircase to the Lair.
 11172 | D:8      | Found Cutiffet's Distillery.
 11177 | D:8      | Bought a potion of curing for 39 gold pieces
 11177 | D:8      | Bought a potion of curing for 39 gold pieces
 11177 | D:8      | Bought a potion of curing for 39 gold pieces
 11332 | D:8      | Found Helovos's Assorted Antiques.
 11364 | D:8      | Found a shimmering altar of Xom.
 11747 | D:9      | Found a broken altar of Ashenzari.
 11752 | D:9      | Found a burning altar of Makhleb.
 13089 | D:9      | Reached skill level 5 in Evocations
 13215 | D:9      | Reached skill level 10 in Fighting
 13215 | D:9      | Reached skill level 10 in Axes
 13601 | D:10     | Entered Level 10 of the Dungeon
 13684 | D:10     | Reached ***** piety under Trog
 13756 | D:10     | Reached XP level 11. HP: 81/99 MP: 10/10
 14026 | D:10     | Noticed Fannar
 14044 | D:10     | Killed Fannar
 14058 | D:10     | Reached skill level 10 in Armour
 14777 | D:11     | Found a staircase to the Orcish Mines.
 15891 | D:11     | Reached ****** piety under Trog
 16143 | D:11     | Received a gift from Trog
 16144 | D:11     | Found the +5 scythe "Finisher" {speed, eviscerate}
 16818 | D:12     | Reached skill level 10 in Dodging
 16855 | D:12     | Noticed a centaur warrior
 16864 | D:12     | Killed a centaur warrior
 16920 | D:12     | Noticed a cyan ugly thing
 16944 | D:12     | Killed a cyan ugly thing
 17044 | D:12     | Found Ynwof's General Store.
 17052 | D:12     | Bought a potion of curing for 42 gold pieces
 17078 | D:12     | Found a blossoming altar of Fedhas.
 17104 | D:12     | Noticed a brown ugly thing
 17112 | D:12     | Killed a brown ugly thing
 17113 | D:12     | Reached XP level 12. HP: 92/110 MP: 11/11
 17120 | D:12     | Noticed a four-headed hydra
 17135 | D:12     | Killed a five-headed hydra
 17145 | D:12     | HP: 4/110 [something (6)]
 17145 | D:12     | HP: 1/110 [something (3)]
 17302 | D:12     | Noticed a two-headed ogre
 17317 | D:12     | Killed a two-headed ogre
 17425 | D:12     | Noticed Snorg
 17434 | D:12     | Killed Snorg
 18145 | D:12     | Noticed Gastronok
 18159 | D:12     | Killed Gastronok
 18160 | D:12     | Noticed a two-headed ogre
 18171 | D:12     | Killed a two-headed ogre
 18404 | D:12     | Collided with a crystal wall

Illustrated notes

Levels and vault maps discovered:
D:1:      shiori_arrival_whats_in_store_for_you, layout_basic,
          chequers_serial_rivers_room_a
D:2:      minmay_razor_zed, layout_basic
D:3:      layout_loops_ring, marbit_many_paths, old_standard_altar,
          gammafunk_temple_overflow_elements, uniq_natasha, uniq_ijyb
D:4:      layout_cave_pools, lemuel_coloured_pillars_altar
D:5:      layout_gridville, gammafunk_ghost_necromancy
D:6:      layout_gridville, serial_shops, shop_statue
D:7:      layout_cave_pools, grunt_temple_overflow_bloody_war,
          nicolae_qazlal_general_emergency, temple_fountains,
          minmay_hollow_rounded_squares
D:8:      layout_loops_corners, lemuel_doored_altar, erik_lair_island,
          serial_shops, shop, nicolae_shop_overgrown_old_shop
D:9:      layout_loops_corners, chequers_temple_overflow_statue_of_worship,
          hangedman_fish_farm
D:10:     layout_irregular_city, uniq_fannar
D:11:     layout_basic, zombieorc2_lemuel, bh_circular_ruins
D:12:     minmay_the_grid_square_5x5_4x4
          [minmay_the_grid_square_5x5_tetrominoes,
          minmay_the_grid_square_5x5_shrine2,
          minmay_the_grid_square_5x5_six_small,
          minmay_the_grid_square_5x5_three,
          minmay_the_grid_square_5x5_trominoes,
          minmay_the_grid_square_5x5_prize_open,
          minmay_the_grid_square_5x5_prize_pseudospiral,
          minmay_the_grid_square_5x5_gyroscope,
          minmay_the_grid_square_5x5_pentomino_r,
          minmay_the_grid_square_5x5_prize_open,
          minmay_the_grid_square_5x5_prize_open,
          minmay_the_grid_square_5x5_eight_small,
          minmay_the_grid_square_5x5_sharp_hourglass,
          minmay_the_grid_square_5x5_minivault,
          minmay_the_grid_square_5x5_two_small,
          minmay_the_grid_square_5x5_hollow_slash], layout_grid_maze,
          portal_ice_cave_entry_ice_beasts, serial_shops,
          nicolae_shop_statue_plus, serial_undead, serial_undead_f,
          serial_undead_e, serial_undead_d, serial_undead_a,
          chequers_serial_rivers_large_b, fedhas_altar_decomposition,
          uniq_snorg, uniq_gastronok

Skill      XL: |  1  2  3  4  5  6  7  8  9 10 11 12 |
---------------+-------------------------------------+-----
Fighting       | 4 5 6 7 9 10 11 12 | 12.3
Axes           | 4 5 6 7 9 10 11 12 | 12.3
Armour         | 3 4 5 6 7 8 9 11 12 | 12.1
Dodging        | 3 4 5 6 7 9 10 11 | 11.2
Evocations     | 2 3 5 6 8 |  8.0

Action                   |  1- 3 |  4- 6 |  7- 9 | 10-12 || total
-------------------------+-------+-------+-------+-------++-------
Melee: Hand axe          |    73 |   151 |   142 |       ||   366
       Headbutt          |    11 |    29 |    62 |   166 ||   268
       Morningstar       |       |       |   184 |    98 ||   282
       Battleaxe         |       |       |       |   511 ||   511
Invok: Trog's Hand       |       |     5 |     8 |    16 ||    29
       Berserk           |       |     1 |     1 |     3 ||     5
       Brothers in Arms  |       |       |       |     4 ||     4
Evoke: Wand              |       |       |       |    14 ||    14
  Use: Scroll            |       |     1 |     8 |     1 ||    10
       Potion            |       |       |       |     2 ||     2
 Stab: Sleeping          |     1 |       |       |       ||     1
Armor: Animal skin       |    13 |       |       |       ||    13
       Chain mail        |       |    64 |   316 |   325 ||   705
Dodge: Dodged            |    52 |    65 |   229 |   511 ||   857
